Map: Catalyst LE

Players

Optimus - Winner!

  • Race: Terran Terran
  • Spawn Location: 11:00

Priest

  • Race: Zerg Zerg
  • Spawn Location: 5:00

Event: WCS Austin 2018

VOD

Have the link to the VOD?

Description

Time

  • Played on: June 1, 2018, 3:27 p.m.
  • Length: 6:50

All games in this series

Show
View Real Time Build Order
Export as new Build Order

Optimus Terran - Winner!

Build Orders: Hellion Opening, Reaper Expand 

Get SALT Encoding   

  12  0:00  SCV  
  13  0:12  SCV  
  14  0:17  Supply Depot  
  14  0:24  SCV  
  15  0:38  SCV  
  15  0:41  Barracks  
  16  0:43  Refinery  
  16  0:50  SCV  
  17  1:03  SCV  
  18  1:15  SCV  
  19  1:28  Orbital Command, Reaper  
  20  1:41  Command Center  
  20  1:49  Supply Depot  
  20  1:54  SCV  
  21  1:59  Marine  
  22  2:07  Factory  
  22  2:09  SCV  
  22  2:15  Refinery  
  23  2:20  Barracks Reactor  
  23  2:21  SCV  
  24  2:35  SCV  
  25  2:47  SCV  
  26  2:53  Starport  
  26  2:54  Orbital Command  
  26  2:59  SCV  
  26  3:00  Hellion x2  
  26  3:02  Barracks Tech Lab  
  31  3:12  SCV  
  32  3:21  Hellion x2, SCV  
  32  3:24  SCV  
  38  3:29  Supply Depot  
  38  3:33  SCV  
  39  3:36  SCV  
  39  3:37  Raven  
  42  3:47  Hellion  
  45  3:49  Hellion  
  45  3:54  SCV  
  45  3:55  Supply Depot, SCV  
  48  4:03  Command Center  
  48  4:06  SCV  
  48  4:09  Liberator  
  49  4:13  SCV  
  50  4:19  SCV  
  51  4:24  Stimpack  
  51  4:25  Marine, SCV  
  51  4:31  SCV  
  57  4:32  Supply Depot  
  57  4:37  SCV  
  58  4:43  Marine, SCV  
  60  4:49  SCV  
  60  4:51  Factory Reactor  
  54  4:55  Barracks, SCV  
  54  4:56  Barracks  
  49  5:00  Refinery  
  49  5:01  Refinery, Marine, SCV  
  51  5:08  Engineering Bay x2  
  51  5:09  SCV  
  51  5:14  SCV  
  53  5:15  Starport Reactor  
  53  5:16  Orbital Command  
  53  5:19  Marine  
  54  5:21  SCV  
  54  5:26  SCV  
  56  5:33  SCV  
  56  5:34  Factory Tech Lab  
  57  5:36  Marine  
  57  5:39  SCV  
  57  5:42  Marine x2  
  61  5:50  Marine  
  61  5:51  Marine  
  61  5:52  Barracks  
  61  5:53  Barracks, SCV x2  
  61  5:54  Marine  
  66  5:57  Medivac x2  
  66  5:59  SCV  
  66  6:00  Marine x2  
  66  6:04  Siege Tank  
  76  6:08  Marine x2  
  76  6:11  SCV  
  79  6:12  Marine  
  79  6:17  SCV  
  81  6:19  Marine  
  81  6:20  Marine  
  81  6:21  Orbital Command  
  81  6:23  SCV  
  81  6:26  Marine x2  
  81  6:29  SCV  
  81  6:30  Marine  
  85  6:32  Factory  
  85  6:35  SCV  
  84  6:45  Supply Depot  
  84  6:46  Barracks Reactor x2, Supply Depot  
  84  6:47  Supply Depot  
Show
View Real Time Build Order
Export as new Build Order

Priest Zerg 

Build Orders: Hatch First 

Get SALT Encoding   

  12  0:01  Drone  
  13  0:12  Overlord  
  13  0:19  Drone  
  14  0:32  Drone x2  
  16  0:49  Hatchery  
  15  0:52  Drone  
  15  0:56  Drone  
  17  1:00  Drone  
  18  1:07  Extractor  
  17  1:17  Spawning Pool  
  16  1:20  Drone  
  16  1:25  Drone  
  18  1:32  Drone  
  19  1:40  Drone  
  20  1:54  Overlord  
  20  2:05  Queen x2  
  20  2:06  Zergling x4  
  26  2:11  Metabolic Boost  
  26  2:15  Drone  
  27  2:17  Drone  
  28  2:23  Drone  
  28  2:24  Drone  
  30  2:36  Drone  
  31  2:37  Drone  
  31  2:44  Queen  
  31  2:47  Drone  
  31  2:48  Drone  
  35  2:53  Overlord, Pneumatized Carapace  
  35  3:15  Drone x6  
  35  3:16  Overlord  
  35  3:19  Drone  
  42  3:29  Overlord  
  42  3:31  Drone  
  43  3:34  Queen  
  45  3:41  Hatchery  
  41  4:00  Drone x5  
  41  4:02  Drone x5  
  51  4:10  Evolution Chamber  
  51  4:11  Evolution Chamber, Zergling x2  
  51  4:12  Queen  
  51  4:15  Zergling x2  
  53  4:21  Zergling x2  
  54  4:24  Lair  
  54  4:27  Zergling x2  
  54  4:31  Zergling x8  
  59  4:39  Zergling x2  
  54  4:48  Zergling x6  
  54  4:49  Zergling x4  
  55  4:56  Drone  
  55  4:58  Drone x2  
  55  4:59  Drone x2  
  59  5:03  Drone  
  59  5:07  Drone, Queen  
  61  5:11  Drone x2  
  61  5:16  Drone  
  61  5:20  Drone  
  63  5:25  Drone x2  
  64  5:35  Drone x2  
  65  5:44  Overlord x2  
  62  6:00  Spore Crawler  
  62  6:03  Hydralisk Den, Queen  
  62  6:07  Drone x7  
  69  6:11  Extractor  
  68  6:20  Drone x7  
  75  6:27  Drone  
  74  6:37  Drone x6  
Tags
 
Add a new tag
Caveats
  • Supply blocks, unpowered buildings, or Contaminate may cause inaccurate times.
  • Supply counts are checked every 10 seconds.